WCHLSIM.com - West Coast Hockey League
html PUBLIC "-//W3C//DTD XHTML 1.0 Transitional//EN" "http://www.w3.org/TR/xhtml1/DTD/xhtml1-transitional.dtd"> WCHL - Game 292 - LOS ANGELES SEALS vs TEXAS TOROS

LOS ANGELES SEALS vs TEXAS TOROS

Created - 26 novembre 2021 at 22:13

Goals
1 2 3 T
LOS ANGELES SEALS 1 1 1 3
TEXAS TOROS 0 1 0 1
Shots
1 2 3 T
LOS ANGELES SEALS 6 7 8 21
TEXAS TOROS 7 6 6 19

1st period

1. LOS ANGELES SEALS , Radek Faksa 5 (Matt Duchene 15, Carter Hutton) at 2:41

Penalties :
Dante Fabbro (TEX) for Hooking (Minor) at 0:40, Vince Dunn (TEX) for Holding (Minor) at 10:10

2nd period

2. LOS ANGELES SEALS , Radek Faksa 6 (Janne Kuokkanen 4, Owen Tippett 4) at 13:37
3. TEXAS TOROS , Dante Fabbro 3 (Wade Allison 3, Jason Zucker 7) at 18:21

Penalties :
Tobias Bjornfot (LOS) for Holding (Minor) at 10:51

3rd period

4. LOS ANGELES SEALS , Radek Faksa 7 (Janne Kuokkanen 5) at 2:20

Penalties :
Tyler Johnson (LOS) for Slashing (Minor) at 3:56

Goalie Stats

Carter Hutton (LOS), 18 saves from 19 shots - (0,947), W, 3-2-0, 60:00 minutes
Jakub Skarek (TEX), 18 saves from 21 shots - (0,857), L, 0-5-0, 60:00 minutes

Players Stats for LOS ANGELES SEALS

Player Name              G  A  P  +/- PIM S  H  SB GA TA FO     MP     PP MP  PK MP  
------------------------------------------------------------------------------------
Adam Boqvist             0  0  0   0  0   0  1  0  0  0  0/0    22:49   2:54   1:29 
Blake Wheeler            0  0  0  -1  0   6  0  0  0  0  0/0    18:26   0:00   1:27 
Darren Helm              0  0  0   1  0   0  0  0  0  0  0/0     7:41   0:00   0:29 
Dylan Strome             0  0  0   0  0   3  1  0  0  0  2/3    19:15   2:23   0:03 
Greg Pateryn             0  0  0   3  0   0  0  1  0  0  0/0    15:48   0:00   0:20 
Isac Lundestrom          0  0  0   1  0   0  1  0  0  0  0/0     6:41   0:00   0:03 
Jakob Silfverberg        0  0  0  -1  0   3  0  0  0  0  1/2    20:36   1:35   2:02 
Janne Kuokkanen          0  2  2   2  0   0  0  0  0  0  0/0    12:27   0:00   0:00 
Joel Armia               0  0  0   0  0   4  0  0  0  0  0/0    18:23   2:23   0:00 
Marcus Pettersson        0  0  0  -1  0   0  0  2  0  0  0/0    20:08   1:04   2:09 
Matt Duchene             0  1  1  -1  0   0  0  1  0  0  16/28  20:36   1:35   2:02 
Noah Dobson              0  0  0  -1  0   0  1  0  0  0  0/0    20:08   1:04   2:09 
Oskar Sundqvist          0  0  0   1  0   0  2  1  0  0  1/5     7:47   0:00   1:09 
Owen Tippett             0  1  1   2  0   0  1  0  0  0  0/0    12:27   0:00   0:00 
Radek Faksa              3  0  3   2  0   5  0  0  0  0  9/14   14:02   1:35   0:00 
Ryan Murray              0  0  0   0  0   0  2  0  0  0  0/0    23:47   2:54   1:46 
Tobias Bjornfot          0  0  0   3  2   0  0  1  0  0  0/0    15:53   0:00   0:00 
Tyler Johnson            0  0  0   0  2   0  1  0  0  0  11/13  19:06   2:23   0:44 

Players Stats for TEXAS TOROS

Player Name              G  A  P  +/- PIM S  H  SB GA TA FO     MP     PP MP  PK MP  
------------------------------------------------------------------------------------
Alex Chiasson            0  0  0  -1  0   0  0  0  0  0  4/5     8:26   0:00   0:00 
Connor Bunnaman          0  0  0   0  0   0  0  0  0  0  6/19   15:34   1:33   0:00 
Dante Fabbro             1  0  1   1  2   3  0  0  0  0  0/0    20:19   2:08   1:16 
Eetu Luostarinen         0  0  0   1  0   2  0  0  0  0  10/20  20:38   2:25   1:51 
Gabriel Carlsson         0  0  0   1  0   0  2  1  0  0  0/0    20:52   2:08   1:42 
Jake Virtanen            0  0  0   0  0   0  4  0  0  0  0/0    15:34   1:33   0:00 
Jason Zucker             0  1  1   1  0   3  0  0  0  0  0/3    20:54   2:25   2:07 
Madison Bowey            0  0  0  -2  0   0  3  0  0  0  0/0    15:36   0:00   1:37 
Mike Hardman             0  0  0  -1  0   1  3  0  0  0  0/1     8:26   0:00   0:00 
Miles Wood               0  0  0   0  0   1  1  0  0  0  0/0    17:41   1:33   2:07 
Nate Schmidt             0  0  0  -2  0   1  0  1  0  0  0/0    14:40   0:00   0:02 
Nikita Gusev             0  0  0  -2  0   3  0  1  0  0  3/13   13:15   0:00   0:00 
Richard Panik            0  0  0  -1  0   1  0  0  0  0  1/1     8:26   0:00   0:00 
Taro Hirose              0  0  0  -2  0   0  0  0  0  0  0/2    13:15   0:00   0:00 
Taylor Raddysh           0  0  0  -2  0   0  4  0  0  0  1/1    13:15   0:00   0:00 
Tyson Barrie             0  0  0  -1  0   2  0  1  0  0  0/0    24:27   1:50   2:13 
Vince Dunn               0  0  0  -1  2   0  2  0  0  0  0/0    24:04   1:50   1:06 
Wade Allison             0  1  1   1  0   2  1  1  0  0  0/0    20:38   2:25   1:51 

3 Stars

1 - Radek Faksa (LOS)
2 - Janne Kuokkanen (LOS)
3 - Owen Tippett (LOS)

Power Play

LOS ANGELES SEALS - 0 on 2 Attempt(s) - 0,00%
TEXAS TOROS - 0 on 2 Attempt(s) - 0,00%

Penalty Kill

LOS ANGELES SEALS - 2 on 2 Attempt(s) - 100,00% - Score 0 goal in Penalty Kill
TEXAS TOROS - 2 on 2 Attempt(s) - 100,00% - Score 0 goal in Penalty Kill

Team Stat

LOS ANGELES SEALS - Hits : 10 - Faceoff Wins : 40 - Blocked Shots : 6 - Penalty Minutes : 4
TEXAS TOROS - Hits : 20 - Faceoff Wins : 25 - Blocked Shots : 5 - Penalty Minutes : 4

Official

Referees : Brad Meier and Troy Paterson
Linesman : Jim Harper and Dennis Urban

Game Notes

Radek Faksa has scored a Hat Trick!
Joel Armia is injured at 19:53 of 3rd period (Left Leg)

Finance

Level 1 -- Attendance: 5316 (81,78%) -- Ticket Income 903 720 $
Level 2 -- Attendance: 4348 (79,05%) -- Ticket Income 521 760 $
Level 3 -- Attendance: 2071 (69,03%) -- Ticket Income 186 390 $
Level 4 -- Attendance: 4472 (89,44%) -- Ticket Income 268 320 $
Luxury Box -- Attendance: 640 (64,00%) -- Ticket Income 256 000 $
Game was played at the Red Bull Arena.
Total Attendance: 16847 (80,22%)
Total Ticket Income: 2 136 190 $
Other Expense: 21 362 $
Total Income: 2 114 828 $

LOS ANGELES SEALS

5 vs 5 Forward 
   Center                   Left Wing                Right Wing               Time % Phy DF OF 
 1 Matt Duchene             Jakob Silfverberg        Blake Wheeler            36     1   2  2  
 2 Tyler Johnson            Dylan Strome             Joel Armia               31     1   2  2  
 3 Radek Faksa              Janne Kuokkanen          Owen Tippett             23     1   2  2  
 4 Oskar Sundqvist          Isac Lundestrom          Darren Helm              10     1   2  2  

5 vs 5 Defense 
   Defense                  Defense                                           Time % Phy DF OF 
 1 Ryan Murray              Adam Boqvist                                      36     1   2  2  
 2 Noah Dobson              Marcus Pettersson                                 31     1   2  2  
 3 Tobias Bjornfot          Greg Pateryn                                      23     1   2  2  
 4 Ryan Murray              Adam Boqvist                                      10     1   2  2  

PowerPlay Forward 
   Center                   Left Wing                Right Wing               Time % Phy DF OF 
 1 Matt Duchene             Jakob Silfverberg        Radek Faksa              55     1   2  2  
 2 Tyler Johnson            Dylan Strome             Joel Armia               45     1   2  2  

PowerPlay Defense
   Defense                  Defense                                           Time % Phy DF OF 
 1 Ryan Murray              Adam Boqvist                                      55     1   2  2  
 2 Noah Dobson              Marcus Pettersson                                 45     1   2  2  

Penalty Kill 4 Players Forward 
   Center                   Wing                     Time % Phy DF OF 
 1 Matt Duchene             Jakob Silfverberg        55     1   2  2  
 2 Blake Wheeler            Tyler Johnson            45     1   2  2  

Penalty Kill 4 Players Defense
   Defense                  Defense                  Time % Phy DF OF 
 1 Ryan Murray              Adam Boqvist             55     1   2  2  
 2 Noah Dobson              Marcus Pettersson        45     1   2  2  

Penalty Kill - 3 Players Forward 
   Forward                                           Time % Phy DF OF 
 1 Matt Duchene                                      55     1   2  2  
 2 Jakob Silfverberg                                 45     1   2  2  

Penalty Kill - 3 Players Defense
   Defense                  Defense                  Time % Phy DF OF 
 1 Ryan Murray              Adam Boqvist             55     1   2  2  
 2 Noah Dobson              Marcus Pettersson        45     1   2  2  

4 vs 4 Forward 
   Center                   Wing                     Time % Phy DF OF 
 1 Matt Duchene             Jakob Silfverberg        55     1   2  2  
 2 Radek Faksa              Tyler Johnson            45     1   2  2  

4 vs 4 Defense
   Defense                  Defense                  Time % Phy DF OF 
 1 Ryan Murray              Adam Boqvist             55     1   2  2  
 2 Noah Dobson              Marcus Pettersson        45     1   2  2  

Last Minutes Offensive
   Center                   Left Wing                Right Wing               Defense                  Defense                  
   Matt Duchene             Jakob Silfverberg        Blake Wheeler            Ryan Murray              Adam Boqvist             

Last Minutes Defensive
   Center                   Left Wing                Right Wing               Defense                  Defense                  
   Matt Duchene             Jakob Silfverberg        Blake Wheeler            Ryan Murray              Adam Boqvist             

Goaltenders
Starting : Carter Hutton            
Backup : Cal Petersen             

Extra Forwards
Normal : Isac Lundestrom, Radek Faksa, Oskar Sundqvist - PP : Isac Lundestrom, Radek Faksa - PK : Oskar Sundqvist
Extra Defensemen
Normal : Tobias Bjornfot, Greg Pateryn, Noah Dobson - PP : Tobias Bjornfot - PK : Greg Pateryn, Noah Dobson
Penalty Shots
Matt Duchene, Jakob Silfverberg, Oskar Sundqvist, Tyler Johnson, Radek Faksa
Custom OT Lines Forwards
Matt Duchene, Jakob Silfverberg, Isac Lundestrom, Tyler Johnson, Radek Faksa, Joel Armia, Oskar Sundqvist, Dylan Strome, Darren Helm, Janne Kuokkanen
Custom OT Lines Defensemen
Ryan Murray, Adam Boqvist, Noah Dobson, Marcus Pettersson, Tobias Bjornfot

Scratches
Patrick Maroon (Healthy), Erik Haula (Healthy)

TEXAS TOROS

5 vs 5 Forward 
   Center                   Left Wing                Right Wing               Time % Phy DF OF 
 1 Eetu Luostarinen         Jason Zucker             Wade Allison             36     1   2  2  
 2 Connor Bunnaman          Miles Wood               Jake Virtanen            31     1   2  2  
 3 Nikita Gusev             Taro Hirose              Taylor Raddysh           23     1   2  2  
 4 Alex Chiasson            Richard Panik            Mike Hardman             10     1   2  2  

5 vs 5 Defense 
   Defense                  Defense                                           Time % Phy DF OF 
 1 Tyson Barrie             Vince Dunn                                        36     1   2  2  
 2 Dante Fabbro             Gabriel Carlsson                                  31     1   2  2  
 3 Madison Bowey            Nate Schmidt                                      23     1   2  2  
 4 Tyson Barrie             Vince Dunn                                        10     1   2  2  

PowerPlay Forward 
   Center                   Left Wing                Right Wing               Time % Phy DF OF 
 1 Eetu Luostarinen         Jason Zucker             Wade Allison             55     1   2  2  
 2 Connor Bunnaman          Miles Wood               Jake Virtanen            45     1   2  2  

PowerPlay Defense
   Defense                  Defense                                           Time % Phy DF OF 
 1 Tyson Barrie             Vince Dunn                                        55     1   2  2  
 2 Dante Fabbro             Gabriel Carlsson                                  45     1   2  2  

Penalty Kill 4 Players Forward 
   Center                   Wing                     Time % Phy DF OF 
 1 Jason Zucker             Miles Wood               55     1   2  2  
 2 Eetu Luostarinen         Wade Allison             45     1   2  2  

Penalty Kill 4 Players Defense
   Defense                  Defense                  Time % Phy DF OF 
 1 Tyson Barrie             Vince Dunn               55     1   2  2  
 2 Dante Fabbro             Gabriel Carlsson         45     1   2  2  

Penalty Kill - 3 Players Forward 
   Forward                                           Time % Phy DF OF 
 1 Jason Zucker                                      55     1   2  2  
 2 Miles Wood                                        45     1   2  2  

Penalty Kill - 3 Players Defense
   Defense                  Defense                  Time % Phy DF OF 
 1 Tyson Barrie             Vince Dunn               55     1   2  2  
 2 Dante Fabbro             Gabriel Carlsson         45     1   2  2  

4 vs 4 Forward 
   Center                   Wing                     Time % Phy DF OF 
 1 Jason Zucker             Miles Wood               55     1   2  2  
 2 Eetu Luostarinen         Wade Allison             45     1   2  2  

4 vs 4 Defense
   Defense                  Defense                  Time % Phy DF OF 
 1 Tyson Barrie             Vince Dunn               55     1   2  2  
 2 Dante Fabbro             Gabriel Carlsson         45     1   2  2  

Last Minutes Offensive
   Center                   Left Wing                Right Wing               Defense                  Defense                  
   Eetu Luostarinen         Jason Zucker             Wade Allison             Tyson Barrie             Vince Dunn               

Last Minutes Defensive
   Center                   Left Wing                Right Wing               Defense                  Defense                  
   Eetu Luostarinen         Jason Zucker             Wade Allison             Tyson Barrie             Vince Dunn               

Goaltenders
Starting : Jakub Skarek             
Backup : Mikko Koskinen           

Extra Forwards
Normal : Jason Zucker, Taro Hirose, Taylor Raddysh - PP : Jason Zucker, Taro Hirose - PK : Taylor Raddysh
Extra Defensemen
Normal : Madison Bowey, Tyson Barrie, Dante Fabbro - PP : Madison Bowey - PK : Vince Dunn, Dante Fabbro
Penalty Shots
Jason Zucker, Miles Wood, Eetu Luostarinen, Wade Allison, Jake Virtanen
Custom OT Lines Forwards
Jason Zucker, Miles Wood, Eetu Luostarinen, Wade Allison, Jake Virtanen, Taro Hirose, Connor Bunnaman, Taylor Raddysh, Nikita Gusev, Alex Chiasson
Custom OT Lines Defensemen
Tyson Barrie, Vince Dunn, Dante Fabbro, Gabriel Carlsson, Madison Bowey

Scratches
Barrett Hayton (Sore Left Knee Injury), Sven Baertschi (Healthy), Trevor Zegras (Herniated Disc Injury), Thomas Schemitsch (Healthy), Ryan Poehling (Healthy)

% Time on Ice - LOS ANGELES SEALS

Lines # - Real PCT - Wanted PCT - Time Play
Normal Forward
1 - 33% - 36% - 16:59
2 - 31% - 31% - 16:00
3 - 24% - 23% - 12:27
4 - 13% - 10% - 6:38
Normal Defense
1 - 32% - 36% - 16:43
2 - 32% - 31% - 16:55
3 - 31% - 23% - 15:54
4 - 5% - 10% - 2:32
PP Forward
1 - 40% - 55% - 1:35
2 - 60% - 45% - 2:23
PP Defense
1 - 73% - 55% - 2:54
2 - 27% - 45% - 1:04
PK Forward
1 - 63% - 55% - 2:31
2 - 37% - 45% - 1:27
PK Defense
1 - 46% - 55% - 1:49
2 - 54% - 45% - 2:09
PK3 Forward
1 - 0% - 55%
2 - 0% - 45%
PK3 Defense
1 - 0% - 55%
2 - 0% - 45%
44 Forward
1 - 0% - 55%
2 - 0% - 45%
44 Defense
1 - 0% - 55%
2 - 0% - 45%
Last Minute Offensive  - 0:00
Last Minute Defensive  - 0:00
Total
Forward - 60:00
Defense - 60:00

% Time on Ice - TEXAS TOROS

Lines # - Real PCT - Wanted PCT - Time Play
Normal Forward
1 - 31% - 36% - 16:22
2 - 27% - 31% - 14:01
3 - 25% - 23% - 13:15
4 - 16% - 10% - 8:26
Normal Defense
1 - 35% - 36% - 18:05
2 - 31% - 31% - 16:22
3 - 28% - 23% - 14:38
4 - 6% - 10% - 2:59
PP Forward
1 - 61% - 55% - 2:25
2 - 39% - 45% - 1:33
PP Defense
1 - 46% - 55% - 1:50
2 - 54% - 45% - 2:08
PK Forward
1 - 53% - 55% - 2:07
2 - 47% - 45% - 1:51
PK Defense
1 - 75% - 55% - 2:59
2 - 25% - 45% - 0:59
PK3 Forward
1 - 0% - 55%
2 - 0% - 45%
PK3 Defense
1 - 0% - 55%
2 - 0% - 45%
44 Forward
1 - 0% - 55%
2 - 0% - 45%
44 Defense
1 - 0% - 55%
2 - 0% - 45%
Last Minute Offensive  - 0:00
Last Minute Defensive  - 0:00
Total
Forward - 60:00
Defense - 60:00

Play-by-Play

1st period


0:01 of 1st period - Eetu Luostarinen wins face-off versus Matt Duchene in neutral zone.
0:12 of 1st period - Shot by Jason Zucker.
0:12 of 1st period - Stopped by Carter Hutton without a rebound.
0:13 of 1st period - Tyler Johnson wins face-off versus Connor Bunnaman in LOS ANGELES SEALS zone.
0:13 of 1st period - Tyler Johnson is hit by Jake Virtanen.
0:35 of 1st period - Shot by Joel Armia.
0:35 of 1st period - Shot Blocked by Gabriel Carlsson.
0:40 of 1st period - Minor Penalty to Dante Fabbro for Hooking.
0:41 of 1st period - Matt Duchene wins face-off versus Jason Zucker in TEXAS TOROS zone.
1:40 of 1st period - Shot by Joel Armia.
1:40 of 1st period - Stopped by Jakub Skarek without a rebound.
1:41 of 1st period - Dylan Strome wins face-off versus Jason Zucker in TEXAS TOROS zone.
1:50 of 1st period - Shot by Joel Armia.
1:50 of 1st period - Deflect By Dylan Strome.
1:50 of 1st period - Stopped by Jakub Skarek with a rebound.
2:06 of 1st period - Shot by Joel Armia.
2:06 of 1st period - Shot Hit the Post.
2:12 of 1st period - Shot by Dylan Strome.
2:12 of 1st period - Stopped by Jakub Skarek without a rebound.
2:13 of 1st period - Radek Faksa wins face-off versus Eetu Luostarinen in TEXAS TOROS zone.
2:41 of 1st period - Shot by Radek Faksa.
2:41 of 1st period - Goal by Radek Faksa - LOS ANGELES SEALS : 1 - TEXAS TOROS : 0.
2:42 of 1st period - Oskar Sundqvist wins face-off versus Nikita Gusev in neutral zone.
2:52 of 1st period - Isac Lundestrom is hit by Vince Dunn and loses puck.
3:36 of 1st period - Shot by Jason Zucker.
3:36 of 1st period - Stopped by Carter Hutton without a rebound.
3:37 of 1st period - Matt Duchene wins face-off versus Connor Bunnaman in LOS ANGELES SEALS zone.
3:37 of 1st period - Matt Duchene is hit by Jake Virtanen.
3:46 of 1st period - Icing by Adam Boqvist.
3:47 of 1st period - Eetu Luostarinen wins face-off versus Matt Duchene in LOS ANGELES SEALS zone.
3:52 of 1st period - Shot by Jason Zucker.
3:52 of 1st period - Shot Misses the Net.
3:58 of 1st period - Shot by Jason Zucker.
3:58 of 1st period - Shot Misses the Net.
4:08 of 1st period - Shot by Blake Wheeler.
4:08 of 1st period - Shot Misses the Net.
4:20 of 1st period - Shot by Matt Duchene.
4:20 of 1st period - Shot Blocked by Nate Schmidt.
4:58 of 1st period - Shot by Radek Faksa.
4:58 of 1st period - Shot Misses the Net.
5:36 of 1st period - Greg Pateryn is hit by Mike Hardman and loses puck.
6:02 of 1st period - Icing by Tyson Barrie.
6:03 of 1st period - Alex Chiasson wins face-off versus Oskar Sundqvist in TEXAS TOROS zone.
6:07 of 1st period - Tyson Barrie is hit by Ryan Murray and loses puck.
6:22 of 1st period - Jason Zucker is hit by Oskar Sundqvist and loses puck.
6:28 of 1st period - Madison Bowey is hit by Oskar Sundqvist and loses puck.
6:39 of 1st period - Shot by Wade Allison.
6:39 of 1st period - Shot Misses the Net.
6:41 of 1st period - Shot by Eetu Luostarinen.
6:41 of 1st period - Stopped by Carter Hutton without a rebound.
6:42 of 1st period - Matt Duchene wins face-off versus Nikita Gusev in LOS ANGELES SEALS zone.
6:42 of 1st period - Matt Duchene is hit by Taylor Raddysh.
6:53 of 1st period - Blake Wheeler is hit by Taylor Raddysh and loses puck.
7:10 of 1st period - Shot by Taro Hirose.
7:10 of 1st period - Shot Blocked by Matt Duchene.
7:24 of 1st period - Shot by Jakob Silfverberg.
7:24 of 1st period - Stopped by Jakub Skarek without a rebound.
7:25 of 1st period - Tyler Johnson wins face-off versus Eetu Luostarinen in TEXAS TOROS zone.
8:25 of 1st period - Off-side.
8:26 of 1st period - Connor Bunnaman wins face-off versus Radek Faksa in neutral zone.
9:14 of 1st period - Icing by Miles Wood.
9:15 of 1st period - Connor Bunnaman wins face-off versus Matt Duchene in TEXAS TOROS zone.
9:43 of 1st period - Shot by Gabriel Carlsson.
9:43 of 1st period - Shot Blocked by Marcus Pettersson.
9:45 of 1st period - Shot by Dante Fabbro.
9:45 of 1st period - Stopped by Carter Hutton with a rebound.
9:47 of 1st period - Shot by Dante Fabbro.
9:47 of 1st period - Shot Misses the Net.
9:49 of 1st period - Shot by Nikita Gusev.
9:49 of 1st period - Stopped by Carter Hutton with a rebound.
9:54 of 1st period - Icing by Marcus Pettersson.
9:55 of 1st period - Eetu Luostarinen wins face-off versus Matt Duchene in LOS ANGELES SEALS zone.
10:10 of 1st period - Minor Penalty to Vince Dunn for Holding.
10:11 of 1st period - Tyler Johnson wins face-off versus Jason Zucker in TEXAS TOROS zone.
10:24 of 1st period - Shot by Joel Armia.
10:24 of 1st period - Shot Misses the Net.
12:35 of 1st period - Shot by Taro Hirose.
12:35 of 1st period - Shot Blocked by Oskar Sundqvist.
13:45 of 1st period - Shot by Blake Wheeler.
13:45 of 1st period - Stopped by Jakub Skarek with a rebound.
14:27 of 1st period - Jason Zucker is hit by Dylan Strome and loses puck.
15:32 of 1st period - Icing by Noah Dobson.
15:33 of 1st period - Matt Duchene wins face-off versus Nikita Gusev in LOS ANGELES SEALS zone.
17:01 of 1st period - Shot by Radek Faksa.
17:01 of 1st period - Shot Misses the Net.
17:27 of 1st period - Shot by Owen Tippett.
17:27 of 1st period - Shot Misses the Net.
17:51 of 1st period - Shot by Tyler Johnson.
17:51 of 1st period - Shot Misses the Net.
18:25 of 1st period - Shot by Blake Wheeler.
18:25 of 1st period - Shot Misses the Net.
18:37 of 1st period - Shot by Jakob Silfverberg.
18:37 of 1st period - Shot Misses the Net.
19:07 of 1st period - Shot by Jason Zucker.
19:07 of 1st period - Stopped by Carter Hutton without a rebound.
19:08 of 1st period - Tyler Johnson wins face-off versus Nikita Gusev in LOS ANGELES SEALS zone.
19:17 of 1st period - Shot by Nikita Gusev.
19:17 of 1st period - Stopped by Carter Hutton with a rebound.
19:41 of 1st period - Joel Armia is hit by Taylor Raddysh and loses puck.
Goals for this period are 1 for LOS ANGELES SEALS vs 0 for TEXAS TOROS.
Shots for this period are 6 for LOS ANGELES SEALS vs 7 for TEXAS TOROS.

2nd period


0:01 of 2nd period - Tyler Johnson wins face-off versus Eetu Luostarinen in neutral zone.
0:30 of 2nd period - Shot by Jason Zucker.
0:30 of 2nd period - Shot Misses the Net.
0:32 of 2nd period - Shot by Eetu Luostarinen.
0:32 of 2nd period - Stopped by Carter Hutton without a rebound.
0:33 of 2nd period - Matt Duchene wins face-off versus Connor Bunnaman in LOS ANGELES SEALS zone.
0:35 of 2nd period - Icing by Blake Wheeler.
0:36 of 2nd period - Connor Bunnaman wins face-off versus Matt Duchene in LOS ANGELES SEALS zone.
0:45 of 2nd period - Shot by Matt Duchene.
0:45 of 2nd period - Shot Misses the Net.
0:47 of 2nd period - Shot by Marcus Pettersson.
0:47 of 2nd period - Shot Misses the Net.
0:49 of 2nd period - Shot by Noah Dobson.
0:49 of 2nd period - Shot Misses the Net.
0:51 of 2nd period - Shot by Blake Wheeler.
0:51 of 2nd period - Stopped by Jakub Skarek without a rebound.
0:52 of 2nd period - Dylan Strome wins face-off versus Eetu Luostarinen in TEXAS TOROS zone.
1:27 of 2nd period - Shot by Joel Armia.
1:27 of 2nd period - Stopped by Jakub Skarek without a rebound.
1:28 of 2nd period - Connor Bunnaman wins face-off versus Matt Duchene in TEXAS TOROS zone.
3:05 of 2nd period - Janne Kuokkanen is hit by Madison Bowey and loses puck.
3:53 of 2nd period - Icing by Dante Fabbro.
3:54 of 2nd period - Matt Duchene wins face-off versus Eetu Luostarinen in TEXAS TOROS zone.
4:16 of 2nd period - Off-side.
4:17 of 2nd period - Richard Panik wins face-off versus Oskar Sundqvist in neutral zone.
5:23 of 2nd period - Shot by Nate Schmidt.
5:23 of 2nd period - Stopped by Carter Hutton without a rebound.
5:24 of 2nd period - Matt Duchene wins face-off versus Nikita Gusev in LOS ANGELES SEALS zone.
5:31 of 2nd period - Shot by Jakob Silfverberg.
5:31 of 2nd period - Stopped by Jakub Skarek with a rebound.
5:38 of 2nd period - Icing by Dante Fabbro.
5:39 of 2nd period - Tyler Johnson wins face-off versus Taro Hirose in TEXAS TOROS zone.
5:52 of 2nd period - Shot by Dylan Strome.
5:52 of 2nd period - Stopped by Jakub Skarek with a rebound.
5:54 of 2nd period - Shot by Joel Armia.
5:54 of 2nd period - Shot Blocked by Nikita Gusev.
6:04 of 2nd period - Shot by Joel Armia.
6:04 of 2nd period - Shot Misses the Net.
6:11 of 2nd period - Icing by Dante Fabbro.
6:12 of 2nd period - Nikita Gusev wins face-off versus Matt Duchene in TEXAS TOROS zone.
7:15 of 2nd period - Shot by Owen Tippett.
7:15 of 2nd period - Shot Blocked by Tyson Barrie.
7:46 of 2nd period - Icing by Tyson Barrie.
7:47 of 2nd period - Tyler Johnson wins face-off versus Eetu Luostarinen in TEXAS TOROS zone.
7:54 of 2nd period - Shot by Joel Armia.
7:54 of 2nd period - Stopped by Jakub Skarek with a rebound.
8:26 of 2nd period - Shot by Miles Wood.
8:26 of 2nd period - Stopped by Carter Hutton without a rebound.
8:27 of 2nd period - Matt Duchene wins face-off versus Nikita Gusev in LOS ANGELES SEALS zone.
8:38 of 2nd period - Shot by Blake Wheeler.
8:38 of 2nd period - Stopped by Jakub Skarek without a rebound.
8:39 of 2nd period - Alex Chiasson wins face-off versus Radek Faksa in TEXAS TOROS zone.
8:39 of 2nd period - Alex Chiasson is hit by Owen Tippett.
8:49 of 2nd period - Shot by Janne Kuokkanen.
8:49 of 2nd period - Shot Misses the Net.
10:01 of 2nd period - Blake Wheeler is hit by Madison Bowey and loses puck.
10:13 of 2nd period - Miles Wood is hit by Adam Boqvist and loses puck.
10:50 of 2nd period - Shot by Nikita Gusev.
10:50 of 2nd period - Stopped by Carter Hutton with a rebound.
10:51 of 2nd period - Minor Penalty to Tobias Bjornfot for Holding.
10:52 of 2nd period - Eetu Luostarinen wins face-off versus Matt Duchene in LOS ANGELES SEALS zone.
12:17 of 2nd period - Icing by Vince Dunn.
12:18 of 2nd period - Matt Duchene wins face-off versus Connor Bunnaman in TEXAS TOROS zone.
12:53 of 2nd period - Icing by Greg Pateryn.
12:54 of 2nd period - Nikita Gusev wins face-off versus Radek Faksa in LOS ANGELES SEALS zone.
13:05 of 2nd period - Icing by Tobias Bjornfot.
13:06 of 2nd period - Radek Faksa wins face-off versus Alex Chiasson in LOS ANGELES SEALS zone.
13:23 of 2nd period - Shot by Radek Faksa.
13:23 of 2nd period - Shot Misses the Net.
13:37 of 2nd period - Shot by Radek Faksa.
13:37 of 2nd period - Goal by Radek Faksa - LOS ANGELES SEALS : 2 - TEXAS TOROS : 0.
13:38 of 2nd period - Tyler Johnson wins face-off versus Connor Bunnaman in neutral zone.
13:56 of 2nd period - Shot by Tyler Johnson.
13:56 of 2nd period - Deflect By Dylan Strome.
13:56 of 2nd period - Shot Misses the Net.
14:08 of 2nd period - Shot by Dylan Strome.
14:08 of 2nd period - Shot Misses the Net.
14:16 of 2nd period - Shot by Miles Wood.
14:16 of 2nd period - Shot Misses the Net.
15:03 of 2nd period - Icing by Ryan Murray.
15:04 of 2nd period - Taylor Raddysh wins face-off versus Tyler Johnson in LOS ANGELES SEALS zone.
15:13 of 2nd period - Nikita Gusev is hit by Ryan Murray and loses puck.
17:01 of 2nd period - Shot by Tyson Barrie.
17:01 of 2nd period - Stopped by Carter Hutton without a rebound.
17:02 of 2nd period - Matt Duchene wins face-off versus Mike Hardman in LOS ANGELES SEALS zone.
18:00 of 2nd period - Dante Fabbro is hit by Noah Dobson.
18:21 of 2nd period - Shot by Dante Fabbro.
18:21 of 2nd period - Goal by Dante Fabbro - LOS ANGELES SEALS : 2 - TEXAS TOROS : 1.
18:22 of 2nd period - Radek Faksa wins face-off versus Connor Bunnaman in neutral zone.
18:22 of 2nd period - Owen Tippett is hit by Jake Virtanen.
18:47 of 2nd period - Icing by Janne Kuokkanen.
18:48 of 2nd period - Radek Faksa wins face-off versus Nikita Gusev in LOS ANGELES SEALS zone.
19:37 of 2nd period - Shot by Jason Zucker.
19:37 of 2nd period - Shot Blocked by Greg Pateryn.
Goals for this period are 1 for LOS ANGELES SEALS vs 1 for TEXAS TOROS.
Shots for this period are 7 for LOS ANGELES SEALS vs 6 for TEXAS TOROS.

3rd period


0:01 of 3rd period - Matt Duchene wins face-off versus Connor Bunnaman in neutral zone.
0:07 of 3rd period - Matt Duchene is hit by Vince Dunn and loses puck.
0:12 of 3rd period - Shot by Jakob Silfverberg.
0:12 of 3rd period - Stopped by Jakub Skarek without a rebound.
0:13 of 3rd period - Eetu Luostarinen wins face-off versus Dylan Strome in TEXAS TOROS zone.
0:17 of 3rd period - Icing by Jason Zucker.
0:18 of 3rd period - Eetu Luostarinen wins face-off versus Matt Duchene in TEXAS TOROS zone.
0:41 of 3rd period - Icing by Matt Duchene.
0:42 of 3rd period - Matt Duchene wins face-off versus Connor Bunnaman in LOS ANGELES SEALS zone.
0:42 of 3rd period - Matt Duchene is hit by Miles Wood.
0:49 of 3rd period - Off-side.
0:50 of 3rd period - Tyler Johnson wins face-off versus Connor Bunnaman in neutral zone.
1:15 of 3rd period - Shot by Tyler Johnson.
1:15 of 3rd period - Shot Misses the Net.
2:14 of 3rd period - Off-side.
2:15 of 3rd period - Radek Faksa wins face-off versus Nikita Gusev in neutral zone.
2:18 of 3rd period - Shot by Radek Faksa.
2:18 of 3rd period - Shot Misses the Net.
2:20 of 3rd period - Shot by Radek Faksa.
2:20 of 3rd period - Goal by Radek Faksa - LOS ANGELES SEALS : 3 - TEXAS TOROS : 1.
2:21 of 3rd period - Nikita Gusev wins face-off versus Radek Faksa in neutral zone.
3:15 of 3rd period - Icing by Dante Fabbro.
3:16 of 3rd period - Matt Duchene wins face-off versus Eetu Luostarinen in TEXAS TOROS zone.
3:42 of 3rd period - Shot by Blake Wheeler.
3:42 of 3rd period - Stopped by Jakub Skarek without a rebound.
3:43 of 3rd period - Tyler Johnson wins face-off versus Connor Bunnaman in TEXAS TOROS zone.
3:56 of 3rd period - Minor Penalty to Tyler Johnson for Slashing.
3:57 of 3rd period - Eetu Luostarinen wins face-off versus Matt Duchene in LOS ANGELES SEALS zone.
4:00 of 3rd period - Shot by Jason Zucker.
4:00 of 3rd period - Deflect By Wade Allison.
4:00 of 3rd period - Stopped by Carter Hutton with a rebound.
4:29 of 3rd period - Shot by Tyson Barrie.
4:29 of 3rd period - Stopped by Carter Hutton without a rebound.
4:30 of 3rd period - Matt Duchene wins face-off versus Connor Bunnaman in LOS ANGELES SEALS zone.
4:43 of 3rd period - Shot by Dante Fabbro.
4:43 of 3rd period - Stopped by Carter Hutton without a rebound.
4:44 of 3rd period - Matt Duchene wins face-off versus Connor Bunnaman in LOS ANGELES SEALS zone.
6:08 of 3rd period - Shot by Nikita Gusev.
6:08 of 3rd period - Deflect By Taro Hirose.
6:08 of 3rd period - Shot Blocked by Tobias Bjornfot.
6:37 of 3rd period - Icing by Nate Schmidt.
6:38 of 3rd period - Radek Faksa wins face-off versus Taro Hirose in TEXAS TOROS zone.
7:10 of 3rd period - Marcus Pettersson is hit by Jake Virtanen.
7:40 of 3rd period - Shot by Miles Wood.
7:40 of 3rd period - Shot Blocked by Marcus Pettersson.
7:42 of 3rd period - Shot by Tyson Barrie.
7:42 of 3rd period - Shot Misses the Net.
7:49 of 3rd period - Icing by Noah Dobson.
7:50 of 3rd period - Radek Faksa wins face-off versus Eetu Luostarinen in LOS ANGELES SEALS zone.
7:50 of 3rd period - Radek Faksa is hit by Wade Allison.
8:05 of 3rd period - Off-side.
8:06 of 3rd period - Alex Chiasson wins face-off versus Matt Duchene in neutral zone.
8:15 of 3rd period - Adam Boqvist is hit by Mike Hardman and loses puck.
10:56 of 3rd period - Radek Faksa is hit by Madison Bowey and loses puck.
11:08 of 3rd period - Icing by Greg Pateryn.
11:09 of 3rd period - Radek Faksa wins face-off versus Nikita Gusev in LOS ANGELES SEALS zone.
11:09 of 3rd period - Radek Faksa is hit by Taylor Raddysh.
11:41 of 3rd period - Shot by Joel Armia.
11:41 of 3rd period - Stopped by Jakub Skarek with a rebound.
11:43 of 3rd period - Shot by Tyler Johnson.
11:43 of 3rd period - Deflect By Dylan Strome.
11:43 of 3rd period - Shot Misses the Net.
12:52 of 3rd period - Icing by Dante Fabbro.
12:53 of 3rd period - Eetu Luostarinen wins face-off versus Radek Faksa in TEXAS TOROS zone.
13:04 of 3rd period - Shot by Radek Faksa.
13:04 of 3rd period - Stopped by Jakub Skarek without a rebound.
13:05 of 3rd period - Alex Chiasson wins face-off versus Oskar Sundqvist in TEXAS TOROS zone.
13:05 of 3rd period - Alex Chiasson is hit by Isac Lundestrom.
13:23 of 3rd period - Shot by Isac Lundestrom.
13:23 of 3rd period - Shot Misses the Net.
13:55 of 3rd period - Matt Duchene is hit by Mike Hardman and loses puck.
14:35 of 3rd period - Icing by Joel Armia.
14:36 of 3rd period - Connor Bunnaman wins face-off versus Tyler Johnson in LOS ANGELES SEALS zone.
15:30 of 3rd period - Shot by Radek Faksa.
15:30 of 3rd period - Stopped by Jakub Skarek without a rebound.
15:31 of 3rd period - Eetu Luostarinen wins face-off versus Matt Duchene in TEXAS TOROS zone.
15:38 of 3rd period - Shot by Wade Allison.
15:38 of 3rd period - Stopped by Carter Hutton without a rebound.
15:39 of 3rd period - Jakob Silfverberg wins face-off versus Eetu Luostarinen in LOS ANGELES SEALS zone.
15:45 of 3rd period - Icing by Ryan Murray.
15:46 of 3rd period - Matt Duchene wins face-off versus Eetu Luostarinen in LOS ANGELES SEALS zone.
16:00 of 3rd period - Shot by Blake Wheeler.
16:00 of 3rd period - Stopped by Jakub Skarek without a rebound.
16:01 of 3rd period - Tyler Johnson wins face-off versus Nikita Gusev in TEXAS TOROS zone.
16:08 of 3rd period - Nikita Gusev is hit by Tyler Johnson and loses puck.
17:23 of 3rd period - Shot by Blake Wheeler.
17:23 of 3rd period - Stopped by Jakub Skarek without a rebound.
17:24 of 3rd period - Radek Faksa wins face-off versus Connor Bunnaman in TEXAS TOROS zone.
17:29 of 3rd period - Shot by Janne Kuokkanen.
17:29 of 3rd period - Shot Misses the Net.
18:31 of 3rd period - Shot by Alex Chiasson.
18:31 of 3rd period - Deflect By Richard Panik.
18:31 of 3rd period - Stopped by Carter Hutton with a rebound.
18:33 of 3rd period - Shot by Dante Fabbro.
18:33 of 3rd period - Shot Misses the Net.
18:35 of 3rd period - Shot by Mike Hardman.
18:35 of 3rd period - Stopped by Carter Hutton without a rebound.
18:36 of 3rd period - Eetu Luostarinen wins face-off versus Jakob Silfverberg in LOS ANGELES SEALS zone.
18:57 of 3rd period - Shot by Jakob Silfverberg.
18:57 of 3rd period - Shot Blocked by Wade Allison.
19:48 of 3rd period - Dylan Strome is hit by Gabriel Carlsson and loses puck.
19:52 of 3rd period - Joel Armia is hit by Gabriel Carlsson and loses puck.
19:53 of 3rd period - Joel Armia from LOS ANGELES SEALS is injured at 19:53 of 3rd period (Left Leg).
19:54 of 3rd period - Connor Bunnaman wins face-off versus Oskar Sundqvist in TEXAS TOROS zone.
Goals for this period are 1 for LOS ANGELES SEALS vs 0 for TEXAS TOROS.
Shots for this period are 8 for LOS ANGELES SEALS vs 6 for TEXAS TOROS.


DARCY
KUEMPER
JAKE
OETTINGER
NINO
NIEDERREITER

EAST COAST

HOCKEY LEAGUE

  • 1.CHI2QUE4
  • 2.LIM2CHA3
  • 3.LON3TRV5
  • 4.BAL5CHW6
  • 5.MANPIT
  • 6.NHWATL
  • 7.PETWOR
  • 8.RHI